 Dungeon Crawl Stone Soup version 0.22.1-6-g1668fe2c40 (webtiles) character file.

124 LabCoat the Chopper (level 5, -1/46 HPs)
             Began as a Hill Orc Fighter on Jan 24, 2019.
             Engulfed by a steam dragon's steam (10 damage)
             ... on level 4 of the Dungeon.
             The game lasted 00:07:44 (1137 turns).

LabCoat the Chopper (Hill Orc Fighter)              Turns: 1137, Time: 00:07:45

Health: -1/46      AC:  9    Str: 19    XL:     5   Next: 8%
Magic:  5/5        EV:  5    Int:  8    God:
Gold:   57         SH: 10    Dex: 11    Spells: 4/4 levels left

rFire    . . .     SeeInvis .   a - +0 war axe
rCold    . . .     Gourm    .   c - +1 shield
rNeg     + . .     Faith    .   s - +0 chain mail
rPois    .         Spirit   .   (no helmet)
rElec    .         Reflect  .   (no cloak)
rCorr    .         Harm     .   (no gloves)
MR       .....                  (no boots)
Stlth    ..........             (no amulet)
HPRegen  0.15/turn              k - ring of positive energy
MPRegen  0.09/turn              o - ring of stealth

@: about to teleport
A: no striking features
a: no special abilities


You were on level 4 of the Dungeon.
You were not hungry.

You visited 1 branch of the dungeon, and saw 3 of its levels.

You collected 57 gold pieces.

Inventory:

Hand Weapons
 a - a +0 war axe (weapon)
 e - a +0 hunting sling
Missiles
 b - 5 tomahawks (quivered)
Armour
 c - a +1 shield (worn)
 s - a +0 chain mail (worn)
Jewellery
 k - a ring of positive energy (left hand)
 m - an uncursed ring of see invisible {unknown}
 o - a ring of stealth (right hand)
Scrolls
 h - a scroll of remove curse
 j - a scroll of amnesia {unknown}
 l - a scroll of fear {unknown}
 n - 2 scrolls of enchant weapon {unknown}
 q - a scroll of enchant armour
Potions
 d - a potion of might
 i - a potion of resistance
 p - a potion of mutation {unknown}
 t - 2 potions of curing {unknown}
Comestibles
 f - 3 rations


   Skills:
 + Level 4.2 Fighting
 * Level 4.8 Axes
 + Level 4.0 Armour
 + Level 4.0 Shields


You had 4 spell levels left.
You didn't know any spells.
Your spell library was empty.

Dungeon Overview and Level Annotations

Branches:
Dungeon (2/15)

Altars:


Message History

The steam dragon breathes steam at you. The ball of steam hits you!
You are engulfed in a cloud of scalding steam.
You hit the steam dragon.
The steam dragon is moderately wounded.
You block the steam dragon's attack.
The steam dragon claws you but does no damage.
You hit the steam dragon but do no damage.
The steam dragon is moderately wounded.
The steam dragon breathes steam at you. The ball of steam hits you!
* * * LOW HITPOINT WARNING * * *
The steam dragon bites you.
* * * LOW HITPOINT WARNING * * *
You block the steam dragon's attack.
Okay, then.
As you read the scroll of teleportation, it crumbles to dust.
You feel strangely unstable.
You are engulfed in a cloud of scalding steam.
You die...

#......# #......
########
############......
#.................
#.################
#.# #§# #.# #§#
#@# #D# #.# #.#
#.# #.# #.# ..#


You could see a steam dragon.

Vanquished Creatures
  An orc priest (D:4)
  An orc wizard (D:4)
  2 adders
  An adder skeleton (D:4)
  6 orcs (D:4)
  A giant cockroach (D:2)
  A goblin (D:1)
  A hobgoblin (D:2)
  3 bats
  A frilled lizard (D:1)
  3 kobolds (D:1)
  2 rats
23 creatures vanquished.

Vanquished Creatures (others)
  An orc wizard (D:4)
1 creature vanquished.

Grand Total: 24 creatures vanquished

Notes
Turn   | Place    | Note
-------+----------+-------------------------------------------
     0 | D:1      | LabCoat the Hill Orc Fighter began the quest for the Orb.
     0 | D:1      | Reached XP level 1. HP: 19/19 MP: 1/1
   324 | D:1      | Reached XP level 2. HP: 25/27 MP: 2/2
   652 | D:2      | You fall through a shaft for 2 floors!
   767 | D:4      | Reached XP level 3. HP: 33/33 MP: 3/3
   862 | D:4      | Reached XP level 4. HP: 40/40 MP: 4/4
   916 | D:4      | Reached XP level 5. HP: 18/46 MP: 5/5
  1131 | D:4      | Noticed a steam dragon
  1137 | D:4      | Engulfed by a steam dragon's steam

Skill      XL: |  1  2  3  4 |
---------------+-------------+-----
Axes           | 3 4 |  4.8
Fighting       | 4 |  4.2
Armour         | 4 |  4.0
Shields        | 4 |  4.0

Action                   |  1- 3 |  4- 6 || total
-------------------------+-------+-------++-------
Melee: War axe           |    72 |    28 ||   100
  Use: Scroll            |     7 |     1 ||     8
       Potion            |       |     1 ||     1
 Stab: Invisible         |       |     2 ||     2
  Eat: Chunk             |       |     1 ||     1
Armor: Scale mail        |    31 |       ||    31
       Chain mail        |     3 |    16 ||    19
Dodge: Dodged            |    25 |     9 ||    34
Block: Shield            |    46 |    15 ||    61
